Map: Eastwatch LE

Players

Plasmid

  • Race: Zerg Zerg
  • League: Diamond
  • Spawn Location: 1:00

Fran - Winner!

  • Race: Terran Terran
  • League: Diamond
  • Spawn Location: 7:00

VOD

Have the link to the VOD?

Description

Time

  • Played on: March 6, 2018, 10:52 p.m.
  • Length: 25:30
Show
View Real Time Build Order
Export as new Build Order

Plasmid Zerg 

Build Orders: Hatch First 

Get SALT Encoding   

  12  0:02  Drone  
  13  0:12  Overlord  
  13  0:18  Drone  
  14  0:31  Drone x2  
  14  0:35  Drone  
  17  0:45  Drone  
  18  0:56  Hatchery  
  17  0:58  Drone  
  17  1:01  Extractor  
  17  1:08  Drone  
  18  1:18  Spawning Pool  
  17  1:21  Drone  
  18  1:28  Drone  
  19  1:40  Overlord  
  20  1:54  Drone  
  20  2:00  Drone  
  21  2:04  Metabolic Boost  
  21  2:05  Queen  
  21  2:07  Queen  
  25  2:09  Zergling x2  
  25  2:12  Zergling x2  
  28  2:30  Drone x3  
  30  2:40  Baneling Nest  
  29  2:50  Drone  
  29  2:51  Drone x3  
  33  2:59  Overlord  
  33  3:04  Drone  
  34  3:06  Hatchery  
  33  3:13  Zergling x2  
  33  3:14  Zergling x2  
  35  3:20  Zergling x10  
  35  3:21  Zergling x2  
  41  3:31  Overlord  
  41  3:34  Overlord  
  41  3:44  Zergling x2  
  41  3:45  Zergling x4  
  44  3:56  Drone x6  
  46  4:17  Zergling x4  
  46  4:18  Zergling x2  
  45  4:30  Baneling x4  
  43  4:32  Zergling x6  
  43  4:33  Zergling x14  
  43  4:37  Queen  
  55  4:38  Drone  
  55  4:44  Drone x2  
  58  4:45  Queen, Evolution Chamber  
  58  4:46  Queen, Evolution Chamber  
  58  4:49  Drone  
  54  5:18  Zergling x14  
  54  5:19  Zergling x10  
  58  5:31  Drone x3  
  61  5:36  Zerg Ground Armor Level 1  
  60  5:52  Extractor  
  59  5:57  Spore Crawler  
  59  5:58  Roach Warren, Spore Crawler  
  59  6:00  Spore Crawler, Zergling x2  
  59  6:01  Zergling x4  
  46  6:20  Overlord x3  
  46  6:22  Drone x4  
  46  6:24  Overlord  
  46  6:25  Overlord x4  
  50  6:35  Extractor  
  50  6:36  Zerg Missile Weapons Level 1  
  46  6:53  Lair  
  46  6:58  Roach  
  46  6:59  Roach x3  
  54  7:11  Roach, Zergling x2  
  54  7:12  Zergling x16  
  54  7:13  Zergling x10  
  70  7:23  Zergling x4  
  63  7:48  Drone x4  
  63  7:49  Drone x8  
  75  8:04  Drone x4, Hydralisk Den  
  78  8:05  Extractor  
  78  8:10  Drone  
  78  8:28  Overseer  
  78  8:33  Zerg Ground Armor Level 2, Zerg Missile Weapons Level 2  
  78  8:36  Grooved Spines  
  78  8:39  Hatchery  
  77  8:50  Drone x6  
  77  8:51  Drone x4  
  77  8:54  Extractor, Drone x4  
  77  8:55  Extractor, Drone x3  
  92  9:02  Glial Reconstitution  
  92  9:10  Infestation Pit  
  91  9:19  Hydralisk x2, Roach  
  91  9:21  Overlord x2  
  91  9:22  Overlord x4  
  95  9:47  Muscular Augments, Overseer  
  95  9:52  Drone  
  96  10:02  Hydralisk x6  
  96  10:03  Hydralisk x10  
  96  10:04  Hydralisk  
  130  10:14  Hive  
  125  10:34  Hydralisk x2  
  125  10:35  Hydralisk x5  
  139  10:44  Overlord  
  139  10:45  Overlord x6  
  139  10:46  Zergling x2  
  139  10:47  Zergling x14  
  147  10:50  Queen  
  147  10:53  Drone  
  150  11:07  Hatchery  
  146  11:18  Roach  
  146  11:19  Roach x9  
  146  11:20  Roach x4  
  134  11:49  Drone x3  
  137  11:54  Extractor  
  137  12:00  Roach  
  137  12:01  Roach x11  
  152  12:08  Zerg Missile Weapons Level 3  
  160  12:11  Zerg Ground Armor Level 3  
  160  12:12  Ultralisk Cavern  
  155  12:58  Chitinous Plating  
  155  13:01  Ultralisk x2  
  155  13:04  Zergling x6  
  155  13:05  Zergling x24  
  180  13:06  Zergling x8  
  180  13:07  Adrenal Glands  
  186  13:18  Evolution Chamber  
  134  13:37  Overlord x2  
  134  13:38  Overlord  
  134  13:39  Ultralisk x2  
  134  13:40  Zergling x4  
  134  13:41  Zergling x16  
  109  14:06  Zergling x2  
  109  14:07  Zergling x12  
  109  14:08  Zergling x6  
  107  14:21  Hatchery  
  106  14:35  Ultralisk x2  
  106  14:36  Ultralisk  
  123  14:40  Zerg Melee Weapons Level 1  
  123  14:55  Drone  
  123  14:56  Drone x2  
  123  14:58  Zergling x14  
  123  14:59  Zergling x8  
  137  15:01  Baneling  
  137  15:02  Baneling x8  
  137  15:03  Baneling  
  138  15:07  Zergling x2  
  138  15:08  Queen  
  137  15:30  Spore Crawler  
  137  15:34  Zergling x2  
  137  15:35  Zergling x12  
  128  15:49  Centrifical Hooks  
  87  16:12  Ultralisk x3  
  87  16:14  Zergling x2  
  87  16:15  Zergling x14  
  87  16:16  Zergling x6  
  114  16:21  Queen  
  116  16:28  Drone x2  
  116  16:29  Drone  
  116  16:30  Queen  
  116  16:32  Drone x2  
  123  16:33  Drone x3  
  126  16:43  Drone  
  127  16:51  Ultralisk  
  127  16:52  Ultralisk  
  139  16:56  Baneling x3  
  139  16:57  Baneling x6  
  139  17:03  Zergling x12  
  111  17:46  Ultralisk  
  111  17:47  Zergling x2, Ultralisk x2  
  111  17:50  Zergling x28  
  138  17:57  Zergling x10  
  138  17:58  Zergling x2  
  118  18:18  Hydralisk  
  118  18:19  Hydralisk x2  
  120  18:20  Hydralisk x5  
  134  18:28  Queen  
  136  18:42  Baneling  
  136  18:43  Baneling x5  
  136  18:44  Baneling x4  
  136  18:47  Ultralisk  
  142  18:49  Zergling x2  
  142  18:50  Zergling x14  
  150  18:57  Zerg Melee Weapons Level 2  
  148  19:26  Hatchery  
  143  19:35  Ultralisk  
  143  19:36  Ultralisk  
  151  19:55  Ultralisk x2  
  151  19:57  Hatchery  
  162  20:01  Hydralisk x2  
  166  20:10  Extractor x2  
  154  20:40  Roach  
  154  20:41  Roach x5  
  159  21:15  Ultralisk  
  159  21:17  Zergling x2  
  159  21:18  Zergling x8  
  168  21:41  Spore Crawler  
  120  22:20  Ultralisk x2  
  120  22:22  Zergling x2  
  131  22:23  Zergling x24  
  131  22:24  Zergling x2  
  93  23:10  Zergling x10  
  93  23:11  Zergling x18  
  93  23:12  Queen  
  107  23:15  Extractor x2  
  63  23:52  Zergling x2  
  63  23:53  Zergling x16  
  63  23:54  Zergling x10  
  60  24:41  Hydralisk  
  55  25:03  Zergling x6  
  55  25:04  Zergling x6  
Show
View Real Time Build Order
Export as new Build Order

Fran Terran - Winner!

Build Orders: Reaper Expand, MMM Bio 

Get SALT Encoding   

  12  0:00  SCV  
  13  0:13  SCV  
  14  0:17  Supply Depot  
  14  0:25  SCV  
  15  0:39  Barracks, SCV  
  16  0:45  Refinery  
  16  0:51  SCV  
  17  1:03  SCV  
  18  1:15  SCV  
  19  1:27  Orbital Command  
  19  1:28  Reaper  
  20  1:41  Command Center  
  20  1:51  Supply Depot  
  20  1:53  SCV  
  21  2:00  Barracks Reactor  
  21  2:05  SCV  
  22  2:17  SCV  
  23  2:22  Factory  
  23  2:29  SCV  
  24  2:39  Marine x2  
  24  2:41  SCV  
  27  2:49  Refinery  
  27  2:53  SCV  
  27  2:57  Orbital Command  
  28  3:05  SCV  
  28  3:07  Command Center  
  29  3:16  Starport  
  29  3:18  SCV  
  30  3:22  SCV  
  30  3:26  Refinery  
  31  3:30  Hellion, SCV  
  34  3:34  Hellion  
  34  3:36  Barracks Tech Lab  
  34  3:39  SCV  
  37  3:42  SCV  
  37  3:44  Supply Depot  
  38  3:51  SCV  
  38  3:54  SCV  
  40  4:00  Hellion  
  40  4:02  Hellion  
  44  4:03  SCV  
  44  4:06  SCV  
  44  4:15  SCV  
  41  4:19  SCV x2  
  40  4:28  Cyclone  
  42  4:32  Hellion, SCV x2  
  46  4:41  Cloaking Field, Viking  
  46  4:44  Orbital Command  
  48  4:49  SCV x2  
  50  4:56  Cyclone  
  53  5:01  SCV x2  
  51  5:15  SCV  
  51  5:21  SCV x2  
  45  5:26  Hellion  
  45  5:27  SCV  
  48  5:29  Hellion  
  48  5:33  SCV x2  
  51  5:39  SCV  
  51  5:42  Banshee  
  52  5:45  Barracks Tech Lab, SCV x2  
  57  5:51  SCV  
  57  5:53  Armory  
  57  5:54  Engineering Bay  
  58  6:01  Engineering Bay  
  54  6:21  SCV x3  
  54  6:24  Hellion x2  
  61  6:28  Stimpack  
  61  6:31  Missile Turret  
  58  6:33  SCV x3  
  58  6:37  Missile Turret  
  58  6:38  Marine  
  62  6:40  Missile Turret  
  62  6:50  SCV x2  
  62  6:53  Barracks x3  
  64  6:58  Missile Turret  
  64  7:08  SCV x3  
  67  7:19  Supply Depot  
  67  7:20  Supply Depot  
  67  7:22  Supply Depot  
  67  7:30  Supply Depot  
  67  7:31  Supply Depot  
  67  7:33  Supply Depot  
  65  7:38  SCV x2  
  65  7:39  Thor  
  57  7:45  Marine  
  57  7:48  Barracks Reactor  
  57  7:49  Barracks Reactor x2  
  58  7:52  Medivac x2  
  58  7:58  Terran Infantry Armor Level 1, Terran Infantry Weapons Level 1  
  62  7:59  Terran Vehicle Weapons Level 1  
  62  8:07  Barracks  
  62  8:13  Barracks  
  62  8:16  Refinery  
  62  8:19  Barracks  
  62  8:20  Marauder  
  62  8:24  Siege Tank  
  62  8:26  Marine x6  
  72  8:32  Medivac  
  72  8:42  Marauder  
  72  8:44  Marine x6  
  79  8:53  Supply Depot  
  79  8:55  Combat Shields  
  80  8:57  Barracks Tech Lab  
  80  9:01  Marine  
  80  9:02  Marine x3  
  83  9:03  Marine, Orbital Command  
  83  9:04  Marine x2  
  83  9:05  Siege Tank  
  89  9:10  Barracks Tech Lab  
  89  9:15  Marine  
  90  9:19  Marine x3, Command Center  
  90  9:20  Marine x2  
  90  9:22  Marine x2  
  90  9:23  Factory  
  97  9:30  SCV x3  
  100  9:32  Marine  
  100  9:37  Marine x3  
  104  9:38  Marine  
  104  9:42  SCV x3  
  104  9:45  Concussive Shells  
  108  9:48  Sensor Tower  
  108  9:51  Marine x2  
  114  9:54  SCV x2  
  114  9:58  Terran Infantry Weapons Level 2  
  114  9:59  Terran Infantry Armor Level 2  
  112  10:00  Supply Depot  
  112  10:05  Marine x3, Marauder  
  112  10:06  Marine  
  118  10:13  Marine x2, Marauder  
  122  10:23  Marine x4, Marauder, Factory  
  122  10:24  Factory Tech Lab  
  128  10:33  Refinery x2  
  128  10:38  SCV x3  
  131  10:43  Marauder x2  
  135  10:51  Marine x6, Marauder  
  135  10:56  Medivac  
  145  11:00  SCV x3  
  145  11:01  Missile Turret  
  145  11:03  Planetary Fortress  
  148  11:07  Supply Depot  
  148  11:19  Marine x3  
  148  11:21  Marine x2  
  148  11:22  Marine, Marauder  
  148  11:23  Marauder  
  148  11:24  Marauder  
  123  11:37  Marine x3  
  123  11:38  Siege Tank x2  
  123  11:39  Medivac  
  119  11:41  Marine x3  
  119  11:44  Marauder x2  
  119  11:45  Marauder  
  126  11:55  Marine x3  
  126  11:59  Marine x2  
  126  12:00  Refinery  
  131  12:04  SCV x2  
  131  12:05  Marauder  
  135  12:09  Marine, Marauder  
  135  12:10  Marauder, Siege Tank x2  
  135  12:13  Marine x2  
  135  12:15  Marine  
  149  12:17  Marine x2  
  149  12:26  Marine  
  149  12:27  Marine  
  150  12:30  Marine x2, Factory Tech Lab  
  150  12:31  Marine x2  
  150  12:33  Marine  
  150  12:35  Marine x2  
  154  12:39  Medivac  
  156  12:46  Terran Infantry Weapons Level 3  
  156  12:48  Supply Depot  
  156  12:50  Supply Depot  
  156  12:54  Supply Depot  
  156  12:55  Refinery  
  156  13:09  Marine x3, Supply Depot, Siege Tank  
  156  13:10  Marauder  
  156  13:11  Command Center  
  156  13:12  Siege Tank  
  167  13:16  Refinery  
  149  13:29  Marine  
  149  13:30  Marine x6, Marauder x2  
  154  13:37  Liberator x2  
  154  13:39  Refinery  
  144  13:41  Siege Tank  
  144  13:44  Siege Tank  
  144  13:47  Marine x2  
  144  13:48  Marine x5  
  143  13:50  Marine  
  143  13:51  Marine  
  126  14:05  Marine x4  
  126  14:06  Marine x3  
  126  14:08  Marine x2  
  120  14:10  Siege Tank  
  120  14:14  Siege Tank  
  120  14:16  Siege Tank  
  126  14:20  Liberator  
  126  14:23  Marine x5  
  126  14:24  Marine x2  
  130  14:26  Marine x2  
  129  14:32  Planetary Fortress  
  129  14:34  Starport, Fusion Core  
  129  14:36  Liberator  
  129  14:37  Starport  
  128  14:41  Marine x2  
  128  14:42  Marauder  
  128  14:43  Siege Tank  
  135  14:46  Siege Tank  
  135  14:52  Marine x3, Marauder  
  143  14:56  SCV x4  
  150  15:02  Liberator  
  150  15:07  Terran Infantry Armor Level 3, Terran Vehicle And Ship Armor Level 1  
  150  15:13  Marine x4, Marauder x2  
  160  15:14  Marauder  
  160  15:19  Liberator  
  160  15:31  Marine x2  
  160  15:32  Marine  
  160  15:35  Marauder x3  
  169  15:37  Starport Tech Lab  
  169  15:38  Starport Reactor  
  169  15:56  Marauder  
  168  16:02  Orbital Command  
  166  16:12  Liberator x5  
  181  16:38  Command Center  
  181  16:44  Marine  
  181  16:45  Marine x2, Marauder  
  181  16:46  Marauder x2, Siege Tank x2  
  196  16:56  Command Center  
  196  17:03  Building Armor  
  196  17:06  Marauder  
  198  17:15  Advanced Ballistics  
  198  17:19  Command Center  
  86  17:52  Marine x4, Marauder x3  
  86  17:53  Medivac x5  
  89  18:13  Marauder x2  
  89  18:14  Marine x3, Marauder  
  89  18:18  Marine x3, Liberator x2  
  89  18:19  Liberator, Siege Tank  
  101  18:20  Siege Tank x2  
  101  18:23  Medivac  
  109  18:32  Marine x3  
  112  18:35  Marine, Marauder x3  
  112  18:36  Marine x2  
  130  18:48  Planetary Fortress  
  130  18:50  Marine x3  
  130  18:51  Siege Tank  
  130  18:52  Planetary Fortress  
  130  18:53  Marine x3  
  139  18:56  Marauder x3  
  139  18:57  Refinery  
  145  19:07  Marine x2  
  145  19:08  Marine  
  148  19:11  Marine x3  
  151  19:17  Marine x2  
  151  19:18  Marauder  
  151  19:20  Refinery  
  151  19:22  Refinery  
  153  19:25  Marine x3  
  153  19:29  Marine x3  
  151  19:35  Marauder x2  
  155  19:39  Marauder, Medivac x3  
  155  19:40  Medivac x2  
  155  19:43  Marine x3  
  170  19:47  Marine x2  
  170  19:49  Marine  
  170  19:51  Siege Tank x2  
  179  19:53  SCV x6  
  179  19:57  Marauder x2  
  189  20:00  Marine  
  189  20:01  Marine x3  
  189  20:05  SCV x5  
  198  20:09  Medivac  
  198  20:12  Marine x2  
  198  20:22  Viking  
  190  20:29  Terran Ship Weapons Level 1  
  190  20:47  Armory  
  190  20:49  Marine  
  191  20:54  Marine x5  
  195  20:58  Marine x3  
  195  21:00  Liberator x2  
  196  21:07  Marine  
  195  21:11  Marine  
  195  21:12  Marine x3  
  198  21:21  Liberator x3  
  198  21:49  Planetary Fortress  
  198  21:52  SCV  
  151  22:04  Liberator  
  151  22:05  Liberator  
  113  22:18  Marine, Marauder x3  
  113  22:19  Marine x3, Siege Tank  
  113  22:20  Siege Tank x2  
  113  22:22  Terran Vehicle And Ship Armor Level 2  
  138  22:29  Marine x2  
  139  22:36  Marine  
  134  22:38  Marine  
  134  22:39  Marine x2  
  134  22:40  Marauder x3  
  142  22:44  Orbital Command  
  142  22:47  Marine x2  
  140  22:52  Siege Tank x2  
  140  22:54  Marine  
  140  22:56  Marine x3  
  139  23:01  Marauder x3  
  139  23:05  Marine x2  
  146  23:12  Marine  
  142  23:14  Marine x3  
  140  23:22  Marine, Marauder x2  
  140  23:23  Marine x2  
  147  23:30  Reaper  
  147  23:32  Marine  
  146  23:40  Marauder  
  142  23:44  Marauder x2  
  146  23:55  Supply Depot  
  146  23:57  Supply Depot  
  146  23:58  Supply Depot  
  146  23:59  Supply Depot x3  
  146  24:00  Marine x5  
  146  24:01  Siege Tank x2  
  146  24:02  Marauder, Siege Tank  
  162  24:09  Starport  
  162  24:10  Fusion Core  
  162  24:11  Starport  
  162  24:16  Marine  
  162  24:17  Marauder, Medivac x2  
  169  24:33  Marine x3, Marauder x2, Siege Tank  
  167  24:38  Marauder  
  157  24:47  Marine x3, Medivac  
  157  24:48  Siege Tank x2  
  157  24:50  Starport Tech Lab  
  168  24:54  Marauder  
  168  24:55  Marauder  
  168  24:56  Starport Tech Lab  
  172  25:00  Marauder  
  172  25:06  Marine x3  
  172  25:07  Marine x2  
Tags
 
Add a new tag
Caveats
  • Supply blocks, unpowered buildings, or Contaminate may cause inaccurate times.
  • Supply counts are checked every 10 seconds.